AoeStats
← A Casa Gordito

Arena

509756097Analyzed
4v4 RM · 5d ago on Sep 27, 2026· 58m 48s· 8 players
Game mode
Random Map
Map size
Large (8 player)
Population
200
Speed
Normal
Resources
Standard
Victory
Conquest
Starting age
Dark Age
Ending age
Imperial Age
RankedLock teamsTeams togetherTeam positionsShared explorationLock speedFull tech treeHidden civsTurbo modeCheats
Victory
Defeat
🇺🇾 Franks · Uruguay
1054
+13
🇺🇾 Lithuanians · Uruguay
1003
+15
🇺🇾 Bulgarians · Uruguay
983
+16
🇺🇾 Teutons · Uruguay
972
+40
🇮🇳 Huns · India
1022
-16
🇵🇪 Persians · Peru
999
-16
🇺🇦 Slavs · Ukraine
979
-15
🇩🇪 Byzantines · Germany
928
-13
TaniaTequilaFromDushanbe
7:14 Loom
10:50 Feudal Age
11:59 Double-Bit Axe
13:15 Horse Collar
14:58 Forging
14:49 Scale Mail Armor
21:48 Castle Age
22:57 Wheelbarrow
22:08 Pikeman
22:49 Squires
23:35 Iron Casting
22:55 Fletching
24:23 Chain Mail Armor
27:29 Gold Mining
27:32 Stone Mining
28:31 Heavy Plow
31:21 Bodkin Arrow
31:45 Hand Cart
31:17 Town Watch
31:46 Bow Saw
32:28 Gold Shaft Mining
34:54 Imperial Age
34:17 Detinets
36:08 Fortified Wall
36:09 Masonry
36:16 Halberdier
37:19 Conscription
37:35 Hoardings
38:21 Blast Furnace
37:53 Plate Mail Armor
38:13 Druzhina
38:21 Murder Holes
43:01 Two-Man Saw
42:35 Crop Rotation
42:31 Capped Ram
44:26 Siege Ram
45:36 Onager
48:47 Elite Boyar
49:35 Scale Barding Armor
51:06 Siege Engineers
51:22 Ballistics
52:25 Chain Barding Armor
52:20 Bloodlines
52:10 Husbandry
55:26 Chemistry
54:36 Siege Onager
55:40 Town Patrol
Wurzelsepp
11:39 Feudal Age
13:12 Horse Collar
15:34 Castle Age
13:25 Double-Bit Axe
14:46 Loom
15:14 Scale Barding Armor
16:26 Bow Saw
17:01 Stone Mining
24:41 Wheelbarrow
24:52 Gold Mining
25:30 Heavy Plow
29:26 Imperial Age
27:29 Hand Cart
27:33 Forging
28:35 Chain Barding Armor
29:36 Iron Casting
29:08 Husbandry
29:14 Squires
29:22 Scale Mail Armor
30:06 Gold Shaft Mining
29:55 Gambesons
30:41 Arson
31:04 Light Cavalry
32:25 Plate Barding Armor
32:20 Conscription
32:27 Elite Varangian Guard
33:37 Chain Mail Armor
35:13 Plate Mail Armor
34:56 Logistica
35:52 Crop Rotation
36:25 Two-Man Saw
35:41 Fortified Wall
35:46 Capped Ram
43:45 Fletching
快乐的小跑
9:50 Feudal Age
10:58 Feudal Age
15:52 Castle Age
17:57 Bloodlines
17:52 Husbandry
18:42 Forging
18:42 Scale Barding Armor
20:41 Iron Casting
20:33 Chain Barding Armor
22:49 Iron Casting
22:17 Loom
39:55 Imperial Age
42:31 Squires
41:52 Pikeman
42:41 Loom
MapacheZebra
3:54 Loom
11:49 Feudal Age
13:17 Wheelbarrow
12:33 Double-Bit Axe
13:30 Horse Collar
14:12 Man-at-Arms
16:13 Stone Mining
16:13 Gold Mining
17:31 Gold Mining
24:01 Castle Age
25:54 Hand Cart
25:40 Heavy Plow
25:52 Bow Saw
26:18 Gold Shaft Mining
26:19 Stone Shaft Mining
30:27 Stone Shaft Mining
36:41 Imperial Age
38:24 Chemistry
37:46 Ballistics
39:10 Crop Rotation
39:40 Heavy Scorpion
41:52 Two-Man Saw
42:35 Conscription
45:01 Squires
44:22 Pikeman
46:22 Onager
Vincun
10:50 Feudal Age
15:05 Castle Age
13:20 Double-Bit Axe
13:17 Horse Collar
17:34 Loom
22:19 Heavy Plow
22:43 Bow Saw
23:34 Gold Mining
23:35 Stone Mining
30:21 Imperial Age
28:57 Wheelbarrow
30:11 Husbandry
30:21 Bloodlines
31:19 Hand Cart
31:38 Crop Rotation
32:11 Two-Man Saw
32:20 Stone Shaft Mining
32:19 Cavalier
33:49 Forging
33:45 Scale Barding Armor
33:31 Fletching
34:44 Conscription
37:42 Iron Casting
37:27 Chain Barding Armor
37:03 Bodkin Arrow
37:50 Iron Casting
40:14 Paladin
42:44 Bracer
43:20 Plate Barding Armor
42:46 Scale Mail Armor
42:47 Elite Skirmisher
46:49 Squires
46:09 Pikeman
48:17 Chain Mail Armor
48:02 Padded Archer Armor
47:28 Halberdier
54:01 Onager
A Casa Gordito
11:39 Feudal Age
16:19 Castle Age
15:41 Double-Bit Axe
17:57 Bow Saw
20:40 Wheelbarrow
24:53 Hand Cart
26:11 Gold Mining
26:15 Stone Mining
28:07 Gold Shaft Mining
31:06 Imperial Age
29:01 Loom
29:01 Town Watch
29:40 Scale Barding Armor
29:45 Forging
30:28 Chain Barding Armor
30:10 Town Patrol
30:36 Husbandry
31:47 Iron Casting
31:10 Cavalier
33:20 Plate Barding Armor
33:45 Blast Furnace
32:33 Paladin
34:26 Arson
35:03 Conscription
34:45 Chivalry
36:26 Chemistry
35:37 Fortified Wall
37:13 Scale Mail Armor
36:39 Elite Throwing Axeman
39:06 Chain Mail Armor
40:11 Plate Mail Armor
43:05 Light Cavalry
cev7
9:37 Loom
11:41 Feudal Age
17:04 Castle Age
22:02 Wheelbarrow
21:27 Town Watch
26:42 Town Patrol
27:12 Forging
27:02 Scale Mail Armor
29:56 Imperial Age
27:54 Squires
27:40 Gambesons
30:39 Iron Casting
30:19 Chain Mail Armor
35:25 Hand Cart
40:35 Town Patrol
42:02 Blast Furnace
41:32 Plate Mail Armor
40:46 Pikeman
44:25 Elite Skirmisher
44:30 Halberdier
45:47 Double-Bit Axe
47:19 Chemistry
51:37 Elite Teutonic Knight
Danubio Futbol Club
10:45 Feudal Age
12:51 Loom
15:30 Castle Age
14:20 Double-Bit Axe
14:16 Horse Collar
17:38 Forging
17:29 Scale Mail Armor
25:27 Pikeman
29:32 Bow Saw
30:07 Iron Casting
29:47 Chain Mail Armor
31:04 Ballistics
30:40 Murder Holes
31:42 Wheelbarrow
30:52 Town Watch
35:08 Imperial Age
36:15 Conscription
35:51 Stirrups
36:21 Onager
37:20 Hand Cart
39:37 Blast Furnace
38:52 Chain Mail Armor
38:45 Scale Barding Armor
38:56 Town Patrol
41:21 Chain Barding Armor
41:16 Chain Mail Armor
40:23 Siege Onager
41:02 Light Cavalry
41:55 Bloodlines
41:56 Husbandry
42:25 Hussar
44:04 Plate Barding Armor
45:42 Chemistry
44:48 Siege Engineers
45:55 Heavy Plow
54:50 Plate Mail Armor
Connection lost

Rejoining the realm…

Still unreachable

The connection could not be restored.

Session expired

The server has moved on; the page needs a fresh start.